 Dungeon Crawl Stone Soup version bcrawl-1.27.6 (webtiles) character file.

Game seed: 11328728580779535948

177664 DogServant the Firebug (level 6, -3/36 HPs)
             Began as a Fairy Fire Elementalist on Oct 12, 2020.
             Killed from afar by an orc wizard (5 damage)
             ... with a magic dart
             ... on level 4 of the Dungeon.
             The game lasted 00:11:00 (3513 turns).

DogServant the Firebug (Fairy Fire Elementalist)    Turns: 3513, Time: 00:11:01

Health: -3/36      AC:  7    Str:  6    XL:     6   Next: 84%
Magic:  9/12       EV: 16    Int: 21    God:
Gold:   216        SH: 11    Dex: 12    Spells: 2/11 levels left

rFire    . . .     SeeInvis .   q - +2 dagger (elec)
rCold    . . .     Gourm    .   u - +0 buckler
rNeg     . . .     Faith    .   (armour unavailable)
rPois    .         Spirit   .   (no helmet)
rElec    .         Reflect  .   l - +0 cloak
rCorr    .         Harm     .   a - +0 pair of gloves
MR       .....                  (no boots)
Stlth    +.........             (no amulet)
HPRegen  0.12/turn              p - ring of wizardry
MPRegen  0.13/turn              (no ring)

@: flying evasively, very slightly contaminated, slowed, very slow
A: small, magic attunement, unstealthy, unfitting armour, able to fly, AC/SH +5
a: Stop Flying


You were on level 4 of the Dungeon.
You were hungry.

You visited 1 branch of the dungeon, and saw 4 of its levels.
You also visited: Sewer.

You collected 216 gold pieces.

Inventory:

Hand Weapons
 q - a +2 dagger of electrocution (weapon)
Missiles
 b - 1161 stones (quivered)
 o - 507 sling bullets
Armour
 a - a +0 pair of gloves (worn)
 k - a +0 pair of gloves
 l - a +0 cloak (worn)
 u - a +0 buckler (worn)
Jewellery
 p - a ring of wizardry (left hand)
Scrolls
 c - 6 scrolls of teleportation {unknown}
 i - 2 scrolls of amnesia {unknown}
 j - 2 scrolls of remove curse {unknown}
 m - 5 scrolls of identify
 r - a scroll of blinking {unknown}
 t - a scroll of fog {unknown}
 w - a scroll of fear {unknown}
Potions
 d - a potion of brilliance {unknown}
 f - a potion of ambrosia {unknown}
 g - 4 potions of might {unknown}
 h - 8 potions of curing {unknown}
 n - a potion of berserk rage {unknown}
 s - a potion of agility {unknown}
 v - a potion of heal wounds {unknown}
 z - a potion of resistance {unknown}
Comestibles
 e - 10 rations {!d}
 x - 3 chunks of flesh


   Skills:
 - Level 2.0 Throwing
 + Level 5.0 Dodging
 - Level 1.5 Stealth
 + Level 2.5 Shields
 - Level 3.1 Spellcasting
 + Level 3.9 Conjurations
 + Level 5.3 Fire Magic


You had 2 spell levels left.
You knew the following spells:

 Your Spells              Type           Power        Failure   Level  Hunger
a - Flame Tongue          Conj/Fire      ###..        2%          1    None
b - Flaming Arrows        Chrm/Fire      ##......     9%          2    None
c - Conjure Flame         Conj/Fire      ###.....     8%          3    None
d - Dazzling Orbs         Conj/Hex       ##.....      21%         3    None

Your spell library contained the following spells:

 Spells                   Type           Power        Failure   Level  Hunger
 Inner Flame              Hex/Fire       N/A          16%         3    None
 Sticky Flame             Conj/Fire      ###.....     24%         4    None
 Confuse                  Hex            #.......     41%         3    None
 Fireball                 Conj/Fire      ###.......   52%         5    None
 Petrify                  Tmut/Erth      #.........   80%         4    None
 Yara's Violent Unravell  Hex/Tmut       #.........   80%         4    None
 Metabolic Englaciation   Hex/Ice        #.........   98%         5    None
 Mana Rupture             Conj/Hex       ##........   100%        7    None


Dungeon Overview and Level Annotations

Branches:
Dungeon (4/12)
 Temple: D:4-7

Altars:
Dithmenos


Innate Abilities, Weirdness & Mutations

Your spells do not cause hunger and MP costs are reduced by 1.
Your bright wings attract enemies. (Stealth-)
You cannot fit into any form of body armour.
Your shimmering scales are hard and can block incoming attacks. (AC +5, SH +5)
You are small and have problems with some larger weapons.
You can fly continuously.


Message History

Confirm with . or Enter, or press ? or * to list all spells.
Aiming: Flame Tongue (safe; 2% risk of failure)
Press: ? - help, Shift-Dir - straight line, f/p - orc wizard
Aim: an orc wizard, wielding a +0 dagger and wearing a +2 robe of fire resistance (almost dead, fast)
The flame tongue hits the orc wizard.
The orc wizard completely resists.
The orc wizard is almost dead.
You block the orc wizard's attack.
The orc wizard points at you and mumbles some strange words.
The magic dart hits you.
* * * LOW HITPOINT WARNING * * *
Casting: Flame Tongue (safe; 2% risk of failure)
Confirm with . or Enter, or press ? or * to list all spells.
Aiming: Flame Tongue (safe; 2% risk of failure)
Press: ? - help, Shift-Dir - straight line, f/p - orc wizard
Aim: an orc wizard, wielding a +0 dagger and wearing a +2 robe of fire resistance (almost dead, fast)
The flame tongue hits the orc wizard.
The orc wizard resists.
The orc wizard is almost dead.
The orc wizard casts a spell at you. The magic dart hits you.
You die...

####.....#.....##
................##
.................#### ##
##
#..................####.
.##
.#.......................
..#
........)..........#.....
..#
#................#...#...
..#
##...............#.##.##.
..###
##.....@.......#..#.(.#.
....####
##....o#.....##..#...#.
#......#
#####.######....#.#.#.
###.##.# #..#
###....##.##. #.## ..
##†# #............ #..# #
.# #.#...##...## ##.#####
...#.#...######.
#.....####
#...............
####........##
...###.......##


You could see an orc wizard.

Vanquished Creatures
  A crimson imp (D:3)
  A jelly (D:4)
  2 orc wizards
  3 worker ants (D:4)
  5 adders
  A gnoll (D:2)
  3 river rats (Sewer)
  A shadow imp (D:3)
  A worm (D:2)
  A dart slug (D:2)
  4 leopard geckos
  8 orcs
  6 ball pythons (Sewer)
  5 giant cockroaches
  9 goblins
  9 hobgoblins
  8 jackals
  2 quokkas (D:1)
  3 bats
  9 frilled lizards
  13 kobolds
  18 rats
113 creatures vanquished.

Vanquished Creatures (others)
  5 toadstools (D:1)
5 creatures vanquished.

Grand Total: 118 creatures vanquished

Notes
Turn   | Place    | Note
-------+----------+-------------------------------------------
     0 | D:1      | DogServant the Fairy Fire Elementalist began the quest for
                  | the Orb.
     0 | D:1      | Reached XP level 1. HP: 11/11 MP: 6/6
    92 | D:1      | Reached XP level 2. HP: 17/17 MP: 7/7
   346 | D:1      | Learned a level 2 spell: Flaming Arrows
   452 | D:1      | Reached XP level 3. HP: 21/21 MP: 7/9
  1329 | D:2      | Learned a level 3 spell: Conjure Flame
  1356 | D:2      | Reached XP level 4. HP: 27/27 MP: 0/10
  1796 | D:3      | Found a shadowy altar of Dithmenos.
  1978 | D:3      | Reached skill level 1 in Throwing
  2186 | D:3      | Reached skill level 1 in Shields
  2186 | D:3      | Reached XP level 5. HP: 31/31 MP: 2/11
  2629 | D:4      | Found a glowing drain.
  2760 | D:4      | Reached skill level 5 in Fire Magic
  2760 | D:4      | Reached XP level 6. HP: 36/36 MP: 12/12
  2791 | Sewer    | Entered a sewer
  3491 | D:4      | Reached skill level 5 in Dodging
  3496 | D:4      | Learned a level 3 spell: Dazzling Orbs
  3512 | D:4      | HP: 1/36 [orc wizard/magic dart (3)]
  3513 | D:4      | Killed from afar by an orc wizard

Skill      XL: |  1  2  3  4  5  6 |
---------------+-------------------+-----
Dodging        | 3 4 5 |  5.0
Spellcasting   | 3 |  3.1
Conjurations   | 2 3 |  3.9
Fire Magic     | 4 5 |  5.3
Throwing       | 1 2 |  2.0
Shields        | 1 2 |  2.5
Stealth        | |  1.5

Action                   |  1- 3 |  4- 6 || total
-------------------------+-------+-------++-------
Melee: Unarmed           |     6 |       ||     6
       Whip              |     3 |       ||     3
       Dagger            |     1 |    66 ||    67
Throw: Stone             |    33 |    39 ||    72
 Cast: Flame Tongue      |    45 |   127 ||   172
       Flaming Arrows    |    10 |     9 ||    19
       Conjure Flame     |       |    12 ||    12
  Eat: Chunk             |     3 |    10 ||    13
Armor: Skin              |     4 |    16 ||    20
Dodge: Dodged            |    28 |    63 ||    91
Block: Other             |     6 |     5 ||    11
       Buckler           |       |    48 ||    48
